 Dungeon Sprint DCSS version 0.29-a0-643-ga013cefcf8 (webtiles) character file.

Game seed: 10175983456077013260

9600000 greenreed the Axe Maniac (level 27, -7/178 (228) HPs)
             Began as a Djinni Necromancer on June 19, 2022.
             Was the Champion of Makhleb.
             Killed by divine providence
             ... invoked by an observer
              (10 damage)
             ... in the Dungeon (Sprint VIII: "Arena of Blood").
             The game lasted 00:10:24 (96 turns).

greenreed the Axe Maniac (Djinni Necromancer)         Turns: 96, Time: 00:10:25

HP:   -7/178 (228)  AC:  4    Str: 17    XL:     27
Gold: 0             EV: 29    Int: 18    God:    Makhleb [******] SH:  0 Dex: 17

rFire   + + .      SeeInvis .   g - +∞ Axe of Woe
rCold   x . .      Faith    .   (shield currently unavailable)
rNeg    . . .      Spirit   .   a - +0 robe
rPois   ∞          Reflect  .   (no helmet)
rElec   .          Harm     .   (no cloak)
rCorr   .          Rampage  .   (no gloves)
Will    ++...      NoTele   +   (boots unavailable)
Stlth   ++++++++++              (no amulet)
HPRegen 0.39/turn               (no ring)
MPRegen 0.00/turn               (no ring)

@: flying, heavily drained
A: sickness immunity, fire resistance 2, cold vulnerability 1, float, innate
caster, HP casting, extra vitality 1
a: Renounce Religion, Minor Destruction, Lesser Servant of Makhleb, Major
Destruction, Greater Servant of Makhleb


You were in the Dungeon.
You worshipped Makhleb.
Makhleb was exalted by your worship.
You visited 1 branch

Inventory:

Hand Weapons
 g - the +∞ Axe of Woe (weapon)
   (You found it in the Dungeon)
Armour
 a - a +0 robe (worn)
Scrolls
 f - a scroll of blinking
Potions
 b - a potion of curing
 c - a potion of heal wounds
 d - a potion of haste
 e - a potion of berserk rage


   Skills:
 O Level 27 Fighting
 O Level 27 Short Blades
 O Level 27 Long Blades
 O Level 27 Axes
 O Level 27 Maces & Flails
 O Level 27 Polearms
 O Level 27 Staves
 O Level 27 Slings
 O Level 27 Bows
 O Level 27 Crossbows
 O Level 27 Throwing
 O Level 27 Armour
 O Level 27 Dodging
 O Level 27 Stealth
 O Level 27 Shields
 O Level 27 Unarmed Combat
 O Level 27 Spellcasting
 O Level 27 Invocations
 O Level 27 Evocations


You couldn't memorise any spells.
You knew the following spells:

 Your Spells              Type           Power      Damage    Failure   Level
a - Necrotize             Necr           100%       1d9       0%          1
b - Vampiric Draining     Necr           88%        2d12      0%          3
c - Animate Dead          Necr           88%        N/A       0%          4
d - Agony                 Necr           88%        N/A       0%          5
e - Beastly Appendage     Tmut           100%       N/A       0%          1
f - Searing Ray           Conj           100%       2d8       0%          2
g - Mephitic Cloud        Conj/Pois/Air  88%        N/A       0%          3
h - Summon Guardian Gole  Hex/Summ       88%        N/A       0%          3
i - Airstrike             Air            44%        N/A       0%          4
j - Manifold Assault      Tloc           88%        N/A       0%          5
k - Death Channel         Necr           44%        N/A       0%          6
l - Ozocubu's Refrigerat  Ice            44%        4d13      1%          7
m - Storm Form            Tmut/Air       44%        N/A       1%          7
n - Borgnjor's Revivific  Necr           44%        N/A       1%          8
o - Lehudib's Crystal Sp  Conj/Erth      44%        10d11     1%          8
p - Infestation           Necr           44%        N/A       1%          8
q - Dragon's Call         Summ           44%        N/A       2%          9
Your spell library was empty.

Dungeon Overview and Level Annotations

Branches:
Dungeon (1/1)

Altars:
Makhleb


Innate Abilities, Weirdness & Mutations

You are immune to sickness and miasma.
You are immune to poison.
Your flesh is very heat resistant. (rF++)
You are vulnerable to cold. (rC-)
You float through the air rather than walking.
You learn spells naturally, not from books.
Your magical power is your life essence.
You have superior vitality. (+4 MHP)


Message History

You hear a shout! x3
A bolt of negative energy appears from out of thin air!
The bolt of negative energy hits your meat berserker zombie.
Your meat berserker zombie completely resists.
The bolt of negative energy hits you!!!!
You feel drained.
The bolt of negative energy hits your bag of meat zombie.
Your bag of meat zombie completely resists.
The bolt of negative energy hits your meat berserker zombie.
Your meat berserker zombie completely resists.
The bolt of negative energy hits your bag of meat zombie.
Your bag of meat zombie completely resists.
An accursed comes into view.
Your bag of meat zombie hits something but does no damage.
A bolt of negative energy appears from out of thin air!
The bolt of negative energy hits something.
The bolt of negative energy hits you!!!!
You feel drained.
* * * LOW HITPOINT WARNING * * *
The bolt of negative energy hits your meat berserker zombie.
Your meat berserker zombie completely resists.
Something hits your bag of meat zombie.
Your bag of meat zombie hits something.
Your bag of meat zombie closely misses something.
Your meat berserker zombie is smitten.
Something hits you.
* * * LOW HITPOINT WARNING * * *
Your bag of meat zombie hits something but does no damage.
You hear a shout! x2
Casting: Manifold Assault (safe; 0% risk of failure)
Confirm with . or Enter, or press ? or * to list all spells.
You don't have enough health to cast this spell.
Unknown command.
Casting: Manifold Assault (safe; 0% risk of failure)
Confirm with . or Enter, or press ? or * to list all spells.
You don't know that spell.
You swap places.
Something hits you.
* * * LOW HITPOINT WARNING * * *
You hear a shout!
You feel something staring at you. Something smites you!
You die...

.. §.... .§XX...... #.
....○# X...{.....
#...)..)# §§))))....
.###.. ...)###)§.))....
......###.2ZZZZ..))...#
......_.)ZZZZZZZ)†...
#....)#ZZZZZZZ#.#..
#_.<)_#ZZZZ@Z{)....
..#..).)#ZZZZZZ#)#.#.
...).._.ZZZZZZZ.Z)....
....).###ZZZZZZZZ.#.#.#
.###).).ZZZ###ZZ.))..{
#.)...Z§# Z{...{....
#))).)Z)#....)))Z...
°)..).)§§......)....
☼)).).))....#..M#...


You could see 2 tentacled monstrosities, a meat beast (fast), a large
abomination (summoned, distracted), a friendly nine-headed meat hydra zombie, 35
friendly bag of meat zombies and 17 friendly meat berserker zombies.

Vanquished Creatures
  Sigmund (D)
  10 hell beasts (D)
  8 royal mummies (D)
  5 wraiths (D)
  Harold (D)
  18 vampire knights (D)
  49 ogres (D)
  10 two-headed ogres (D)
  11 liches (D)
  4 hydras (D)
  90 orcs (D)
  10 skeletal warriors (D)
217 creatures vanquished.

Vanquished Creatures (others)
  8 ogre zombies (D)
  26 orc zombies (D)
34 creatures vanquished.

Grand Total: 251 creatures vanquished

Notes
Turn   | Place    | Note
-------+----------+-------------------------------------------
     0 | D        | Found the +∞ Axe of Woe
     0 | D        | greenreed the Djinni Necromancer began the quest for the
                  | Orb.
     0 | D        | greenreed set off with the following spells memorised:
                  | Necrotize, Vampiric Draining, Animate Dead, Agony.
     0 | D        | Reached XP level 1. HP: 15/15 MP: 0/0
     0 | D        | Noticed a bag of meat
     2 | D        | Noticed a bag of meat
     2 | D        | Noticed a bag of meat
     4 | D        | Became a worshipper of Makhleb the Destroyer
     4 | D        | Noticed a bag of meat
     5 | D        | Noticed a bag of meat
     5 | D        | Noticed a bag of meat
     6 | D        | Killed a bag of meat
     7 | D        | Reached XP level 2. HP: 21/21 MP: 0/0
     7 | D        | Reached XP level 3. HP: 25/25 MP: 0/0
     7 | D        | Learned a level 1 spell: Beastly Appendage
     7 | D        | Reached XP level 4. HP: 31/31 MP: 0/0
     7 | D        | Reached XP level 5. HP: 35/35 MP: 0/0
     7 | D        | Learned a level 2 spell: Searing Ray
     7 | D        | Reached XP level 6. HP: 40/40 MP: 0/0
     7 | D        | Reached XP level 7. HP: 45/45 MP: 0/0
     7 | D        | Learned a level 3 spell: Mephitic Cloud
     7 | D        | Reached XP level 8. HP: 50/50 MP: 0/0
     7 | D        | Reached XP level 9. HP: 55/55 MP: 0/0
     7 | D        | Learned a level 3 spell: Summon Guardian Golem
     7 | D        | Reached XP level 10. HP: 60/60 MP: 0/0
     7 | D        | Reached XP level 11. HP: 65/65 MP: 0/0
     7 | D        | Learned a level 4 spell: Airstrike
     7 | D        | Killed a bag of meat
     7 | D        | Reached * piety under Makhleb
     7 | D        | Killed a bag of meat
     8 | D        | Reached skill level 15 in Dodging
     8 | D        | Reached XP level 12. HP: 76/76 MP: 0/0
     8 | D        | Reached XP level 13. HP: 81/81 MP: 0/0
     8 | D        | Learned a level 5 spell: Manifold Assault
     8 | D        | Killed a bag of meat
     9 | D        | Noticed a meat berserker
     9 | D        | Noticed a meat berserker
    10 | D        | Killed a bag of meat
    10 | D        | Reached ** piety under Makhleb
    10 | D        | Noticed a bag of meat
    11 | D        | Reached XP level 14. HP: 90/90 MP: 0/0
    11 | D        | Noticed a bag of meat
    11 | D        | Noticed a bag of meat
    12 | D        | Killed a meat berserker
    13 | D        | Reached skill level 5 in Fighting
    13 | D        | Noticed a meat berserker
    13 | D        | Noticed a bag of meat
    13 | D        | Noticed a meat berserker
    14 | D        | Killed a meat berserker
    15 | D        | Reached XP level 15. HP: 98/98 MP: 0/0
    15 | D        | Learned a level 6 spell: Death Channel
    16 | D        | Reached *** piety under Makhleb
    16 | D        | Killed a meat berserker
    17 | D        | Reached skill level 27 in Axes
    17 | D        | Reached XP level 16. HP: 105/105 MP: 0/0
    17 | D        | Reached **** piety under Makhleb
    18 | D        | Noticed a meat berserker
    19 | D        | Killed a meat berserker
    20 | D        | Reached XP level 17. HP: 88/113 MP: 0/0
    20 | D        | Learned a level 7 spell: Ozocubu's Refrigeration
    20 | D        | Noticed a meat berserker
    20 | D        | Noticed a meat berserker
    21 | D        | Noticed a meat berserker
    21 | D        | Noticed a large bag of meat
    21 | D        | Noticed a destroyer
    24 | D        | Killed a meat berserker
    24 | D        | Reached ***** piety under Makhleb
    24 | D        | Noticed a meat berserker
    25 | D        | Reached skill level 27 in Spellcasting
    25 | D        | Reached XP level 18. HP: 148/148 MP: 0/0
    25 | D        | Noticed a destroyer
    25 | D        | Killed a large bag of meat
    26 | D        | Noticed a destroyer
    26 | D        | Killed a meat berserker
    26 | D        | Killed a meat berserker
    26 | D        | Killed a meat berserker
    26 | D        | Noticed a meat berserker
    26 | D        | Noticed a meat berserker
    27 | D        | Reached skill level 27 in Fighting
    27 | D        | Reached skill level 27 in Dodging
    27 | D        | Reached XP level 19. HP: 169/174 MP: 0/0
    27 | D        | Learned a level 7 spell: Storm Form
    27 | D        | Killed a destroyer
    27 | D        | Reached ****** piety under Makhleb
    27 | D        | Killed a meat berserker
    27 | D        | Noticed a meat berserker
    27 | D        | Noticed a meat berserker
    28 | D        | Reached XP level 20. HP: 176/181 MP: 0/0
    28 | D        | Killed a destroyer
    28 | D        | Killed a meat berserker
    28 | D        | Killed a meat berserker
    28 | D        | Killed a destroyer
    28 | D        | Noticed a meat berserker
    29 | D        | Reached skill level 27 in Stealth
    29 | D        | Reached XP level 21. HP: 182/187 MP: 0/0
    29 | D        | Learned a level 8 spell: Borgnjor's Revivification
    29 | D        | Noticed The Servant
    29 | D        | Killed a meat berserker
    29 | D        | Killed The Servant
    30 | D        | Reached skill level 10 in Maces & Flails
    30 | D        | Reached skill level 10 in Polearms
    30 | D        | Reached skill level 10 in Slings
    30 | D        | Reached skill level 10 in Bows
    30 | D        | Reached skill level 10 in Crossbows
    30 | D        | Reached skill level 10 in Throwing
    30 | D        | Reached XP level 22. HP: 175/194 MP: 0/0
    30 | D        | Killed a meat berserker
    32 | D        | Reached XP level 23. HP: 197/201 MP: 0/0
    32 | D        | Learned a level 8 spell: Lehudib's Crystal Spear
    32 | D        | Noticed a destroyer
    32 | D        | Killed a destroyer
    33 | D        | Reached skill level 15 in Short Blades
    33 | D        | Reached skill level 15 in Long Blades
    33 | D        | Reached skill level 15 in Armour
    33 | D        | Reached skill level 15 in Shields
    33 | D        | Reached skill level 15 in Unarmed Combat
    33 | D        | Reached skill level 15 in Invocations
    33 | D        | Reached skill level 15 in Evocations
    33 | D        | Noticed a large bag of meat
    34 | D        | Reached skill level 15 in Staves
    34 | D        | Reached XP level 24. HP: 204/208 MP: 0/0
    34 | D        | Killed a large bag of meat
    34 | D        | Noticed a large bag of meat
    34 | D        | Noticed a large bag of meat
    36 | D        | Reached skill level 15 in Maces & Flails
    36 | D        | Reached skill level 15 in Polearms
    36 | D        | Reached skill level 15 in Slings
    36 | D        | Reached skill level 15 in Bows
    36 | D        | Reached skill level 15 in Crossbows
    36 | D        | Reached skill level 15 in Throwing
    36 | D        | Killed a large bag of meat
    36 | D        | Killed a large bag of meat
    36 | D        | Noticed a large bag of meat
    37 | D        | Reached XP level 25. HP: 208/214 MP: 0/0
    37 | D        | Learned a level 8 spell: Infestation
    37 | D        | Killed a large bag of meat
    39 | D        | Reached XP level 26. HP: 217/221 MP: 0/0
    39 | D        | Noticed a destroyer
    39 | D        | Killed a destroyer
    40 | D        | Noticed a destroyer
    41 | D        | Noticed a destroyer
    41 | D        | Killed a destroyer
    41 | D        | Noticed a large bag of meat
    41 | D        | Noticed a large bag of meat
    42 | D        | Reached XP level 27. HP: 223/228 MP: 0/0
    42 | D        | Learned a level 9 spell: Dragon's Call
    42 | D        | Killed a destroyer
    44 | D        | Killed a large bag of meat
    45 | D        | Noticed a destroyer
    45 | D        | Noticed a destroyer
    46 | D        | Killed a destroyer
    47 | D        | Noticed a destroyer
    47 | D        | Killed a destroyer
    47 | D        | Killed a destroyer
    48 | D        | Reached skill level 27 in Short Blades
    48 | D        | Reached skill level 27 in Long Blades
    48 | D        | Reached skill level 27 in Armour
    48 | D        | Reached skill level 27 in Shields
    48 | D        | Reached skill level 27 in Unarmed Combat
    48 | D        | Reached skill level 27 in Invocations
    48 | D        | Reached skill level 27 in Evocations
    48 | D        | Noticed a destroyer
    49 | D        | Noticed a destroyer
    49 | D        | Killed a destroyer
    50 | D        | Reached skill level 27 in Staves
    50 | D        | Noticed a destroyer
    50 | D        | Noticed a tyrant
    51 | D        | Killed a tyrant
    51 | D        | Killed a destroyer
    51 | D        | Noticed a tyrant
    52 | D        | Reached skill level 27 in Maces & Flails
    52 | D        | Reached skill level 27 in Polearms
    52 | D        | Reached skill level 27 in Slings
    52 | D        | Reached skill level 27 in Bows
    52 | D        | Reached skill level 27 in Crossbows
    52 | D        | Reached skill level 27 in Throwing
    52 | D        | Killed a large bag of meat
    52 | D        | Killed a tyrant
    52 | D        | Noticed an accursed
    52 | D        | Noticed a destroyer
    53 | D        | Killed an accursed
    53 | D        | Killed a destroyer
    54 | D        | Noticed a destroyer
    54 | D        | Killed a destroyer
    54 | D        | Noticed a large bag of meat
    55 | D        | Killed a large bag of meat
    55 | D        | Noticed a large bag of meat
    56 | D        | Noticed a destroyer
    56 | D        | Killed a destroyer
    57 | D        | Killed a destroyer
    59 | D        | Killed a large bag of meat
    62 | D        | Noticed a tyrant
    62 | D        | Noticed an accursed
    62 | D        | Noticed an accursed
    63 | D        | Killed an accursed
    64 | D        | Killed an accursed
    64 | D        | Noticed a tyrant
    65 | D        | Killed a tyrant
    66 | D        | Killed a tyrant
    66 | D        | Noticed a meat beast
    67 | D        | Noticed a destroyer
    67 | D        | Killed a meat beast
    67 | D        | Noticed a tyrant
    68 | D        | Killed a tyrant
    68 | D        | Noticed a dread
    68 | D        | Noticed an accursed
    69 | D        | Killed a dread
    69 | D        | Killed an accursed
    69 | D        | Killed a destroyer
    70 | D        | Noticed a meat beast
    70 | D        | Noticed a large bag of meat
    70 | D        | Noticed a tyrant
    71 | D        | Killed a large bag of meat
    71 | D        | Killed a meat beast
    71 | D        | Noticed a destroyer
    71 | D        | Noticed a dread
    72 | D        | Killed a dread
    72 | D        | Killed a destroyer
    73 | D        | Killed a tyrant
    73 | D        | Noticed The Captor
    73 | D        | Noticed a meat beast
    74 | D        | Noticed an accursed
    75 | D        | Killed an accursed
    76 | D        | Killed The Captor
    77 | D        | Killed a meat beast
    77 | D        | Noticed a dread
    77 | D        | Noticed a meat beast
    77 | D        | Noticed a dread
    78 | D        | Killed a meat beast
    78 | D        | Killed a dread
    78 | D        | Noticed a meat beast
    79 | D        | Noticed an accursed
    80 | D        | Killed a meat beast
    80 | D        | Killed an accursed
    80 | D        | Noticed an accursed
    81 | D        | Killed an accursed
    81 | D        | Noticed a tyrant
    82 | D        | Killed a dread
    82 | D        | Killed a tyrant
    82 | D        | Noticed a tyrant
    82 | D        | Noticed a dread
    83 | D        | Killed a dread
    83 | D        | Killed a tyrant
    83 | D        | Noticed a meat beast
    83 | D        | Noticed a tyrant
    84 | D        | Noticed a meat beast
    84 | D        | Killed a tyrant
    84 | D        | Killed a meat beast
    85 | D        | Killed a meat beast
    86 | D        | Noticed a tyrant
    86 | D        | Noticed a meat beast
    86 | D        | Noticed a meat beast
    87 | D        | Killed a meat beast
    87 | D        | Killed a meat beast
    87 | D        | Killed a tyrant
    88 | D        | Noticed a meat beast
    88 | D        | Killed a meat beast
    89 | D        | Noticed an accursed
    90 | D        | Killed an accursed
    91 | D        | Noticed a tyrant
    92 | D        | Killed a tyrant
    94 | D        | Noticed a meat beast
    95 | D        | Noticed an accursed
    95 | D        | HP: 4/178 [something (5)]
    96 | D        | Killed from afar by an observer

Illustrated notes

Levels and vault maps discovered:
D:        meatsprint

Skill      XL: |  1  2  3  4  5  6  7  8  9 10 11 12 13 14 15 16 17 18 19 20 21 22 23 24 25 26 27 |
---------------+----------------------------------------------------------------------------------+-----
Axes           | 19 23 25 26 27 | 27.0
Dodging        | 12 15 16 17 18 24 27 | 27.0
Fighting       | 3 4 5 6 8 19 27 | 27.0
Spellcasting   | 8 16 22 26 27 | 27.0
Short Blades   | 9 11 14 16 19 20 23 27 | 27.0
Long Blades    | 9 11 14 16 19 20 23 27 | 27.0
Maces & Flails | 7 10 12 14 16 18 20 27 | 27.0
Polearms       | 7 10 12 14 16 18 20 27 | 27.0
Staves         | 8 11 13 15 18 19 21 27 | 27.0
Slings         | 7 10 12 14 16 18 20 27 | 27.0
Bows           | 7 10 12 14 16 18 20 27 | 27.0
Crossbows      | 7 10 12 14 16 18 20 27 | 27.0
Throwing       | 7 10 12 14 16 18 20 27 | 27.0
Armour         | 9 12 14 16 19 21 23 27 | 27.0
Shields        | 9 12 14 16 19 21 23 27 | 27.0
Unarmed Combat | 9 12 14 16 19 21 23 27 | 27.0
Invocations    | 9 12 14 16 19 21 23 27 | 27.0
Evocations     | 9 12 14 16 19 21 23 27 | 27.0
Stealth        | 27 | 27.0

Action                   |  1- 3 |  4- 6 |  7- 9 | 10-12 | 13-15 | 16-18 | 19-21 | 22-24 | 25-27 || total
-------------------------+-------+-------+-------+-------+-------+-------+-------+-------+-------++-------
Melee: Executioner's axe |     1 |       |       |     1 |     7 |    13 |    11 |    24 |   190 ||   247
 Cast: Manifold Assault  |       |       |       |       |     1 |     3 |     3 |     7 |    54 ||    68
       Animate Dead      |       |       |       |       |     1 |       |       |       |       ||     1
Dodge: Dodged            |       |       |       |       |     1 |       |       |       |     2 ||     3

Table legend: (Time is in decaauts)
 A = Elapsed time spent in this place.
 B = Non-inter-level travel time spent in this place.
 C = Inter-level travel time spent in this place.
 D = Time resting spent in this place.
 E = Time spent auto-exploring this place.
 F = Levels seen in this place.
 G = Mean time per level.
                   A        B        C        D        E       F      G
               +--------+--------+--------+--------+--------+-----+--------+
         Total |     73 |     73 |      0 |      0 |      0 |   1 |   73.0 |
       Dungeon |     73 |     73 |      0 |      0 |      0 |   1 |   73.0 |
               +--------+--------+--------+--------+--------+-----+--------+

Top non-repeatable levels by time:
       D: 73 daAuts
